 Dungeon Crawl Stone Soup version 0.29.0-4-gdea44cf6ec (webtiles) character file.

Game seed: 12555440293721560034

0 qw the Sneak (level 1, -1/14 HPs)
             Began as a Gargoyle Delver on Sept 10, 2022.
             Slain by a hound (2 damage)
             ... on level 5 of the Dungeon.
             The game lasted 00:00:03 (58 turns).

qw the Sneak (Gargoyle Delver)                        Turns: 58, Time: 00:00:03

Health: -1/14      AC:  5    Str: 15    XL:     1   Next: 0%
Magic:  1/1        EV: 11    Int: 10    God:
Gold:   5          SH:  0    Dex: 11    Spells: 0/0 levels left

rFire   . . .      SeeInvis .   a - +0 hand axe
rCold   . . .      Faith    .   (no shield)
rNeg    + . .      Spirit   .   b - +0 leather armour
rPois   inf        Reflect  .   (no helmet)
rElec   +          Harm     .   (no cloak)
rCorr   .          Rampage  .   (no gloves)
Will    .....                   (no boots)
Stlth   +++.......              (no amulet)
HPRegen 0.04/turn               (no ring)
MPRegen 0.07/turn               (no ring)

@: no status effects
A: sickness immunity, AC +2, negative energy resistance 1, electricity
resistance, torment resistance 1, petrification resistance
a: no special abilities


You were on level 5 of the Dungeon.
You visited 1 branch of the dungeon, and saw 1 of its levels.

You collected 5 gold pieces.


Innate Abilities, Weirdness & Mutations

You are immune to sickness and miasma.
Your stone body is resilient. (AC +2)
You are immune to poison.
You resist negative energy. (rN+)
You are resistant to electric shocks. (rElec)
You are resistant to unholy torment.
You are immune to petrification.


   Skills:
 - Level 3.2 Fighting
 + Level 1.7 Axes
 - Level 1.5 Dodging
 - Level 5.4 Stealth


You couldn't memorise any spells.
You didn't know any spells.
Your spell library was empty.

Inventory:

Hand Weapons
 a - a +0 hand axe (weapon)
Armour
 b - a +0 leather armour (worn)
Jewellery
 h - a ring of fire
Wands
 g - a wand of digging (3)
Scrolls
 c - a scroll of fog
 d - a scroll of magic mapping
 e - a scroll of fear
Potions
 f - a potion of haste

Dungeon Overview and Level Annotations

Branches:
Dungeon (5/15)
 Temple: D:4-7

Altars:


Message History

You hear the slow hiss of an avalanche of sand very nearby.
The hound bites you but does no damage.
You hit the hound but do no damage.
The hound is moderately wounded.
The hound closely misses you. The hound barely misses you.
You closely miss the hound.
The hound is moderately wounded.
The hound barely misses you. The hound bites you.
You hit the hound.
The hound is moderately wounded.
The hound barely misses you. x2
You hit the hound.
The hound is heavily wounded.
The hound closely misses you. The shadow imp hits you.
The hound completely misses you.
You barely miss the hound.
The hound is heavily wounded.
You barely miss the shadow imp. The hound closely misses you.
The shadow imp hits you but does no damage.
You closely miss the hound.
The hound is heavily wounded.
You barely miss the shadow imp. The hound bites you but does no damage.
The hound bites you. The shadow imp hits you.
You barely miss the hound.
The hound is heavily wounded.
You closely miss the shadow imp. The hound bites you but does no damage.
The shadow imp barely misses you. The hound bites you but does no damage.
You hit the hound.
The hound is severely wounded.
You closely miss the shadow imp. The hound barely misses you.
The shadow imp hits you. The hound barely misses you.
You hit the hound.
The hound is almost dead.
You barely miss the shadow imp. The hound closely misses you.
The shadow imp hits you. The hound bites you.
You die...

... .. .. .## .###...
...# ####..... ...#
...)#..####....# .....
....##.# # #.5#
.#..##.## #
....#h@##....#... .
#.........##..######.
#..####.#.....>.......
#..#####...............
...........####.........
##.######.## ##.#......
#.# #.##..... #.#
#........ #.# ####.....


You could see a hound and a shadow imp.

Vanquished Creatures (others)
  3 fungi (D:5)
3 creatures vanquished.

Notes
Turn   | Place    | Note
-------+----------+-------------------------------------------
     0 | D:5      | qw the Gargoyle Delver began the quest for the Orb.
     0 | D:5      | Reached XP level 1. HP: 14/14 MP: 1/1
     0 | D:5      | 0 ||| qw: Version: 0.1-a-117-gfe26ee0
     0 | D:5      | 0 ||| qw: Game counter: 9751
     0 | D:5      | 0 ||| qw: Always use a shield: true
     0 | D:5      | 0 ||| qw: God list: Okawaru
     0 | D:5      | 0 ||| qw: Allow faded altars: false
     0 | D:5      | 0 ||| qw: Do Orc after D:15 true
     0 | D:5      | 0 ||| qw: Do second Lair branch before Depths: true
     0 | D:5      | 0 ||| qw: Lair rune preference: random
     0 | D:5      | 0 ||| qw: Plans: Normal
     0 | D:5      | 0 ||| PLANNING D:1-11
    37 | D:5      | Noticed a hound
    55 | D:5      | HP: 3/14 [shadow imp (2)]
    58 | D:5      | HP: 1/14 [shadow imp (1)]
    58 | D:5      | Slain by a hound

Levels and vault maps discovered:
D:5:      kennysheep_slugbush, layout_rooms, mainiacjoe_overflow_chevrons,
          nicolae_ossuary_entry_catacombs

Action                   || total
-------------------------++-------
Melee: Hand axe          ||    10
Armor: Leather armour    ||     5
Dodge: Dodged            ||    12

Table legend:
 A = Non-vault XP
 B = Vault XP
 C = Vault XP percentage of total XP
 D = Non-vault monster count
 E = Vault monster count
 F = Vault count percentage of total count
                 A         B        C        D         E       F
            +---------+---------+-------+---------+---------+-------
      Total |       0 |       0 |   N/A |       0 |       0 |  -nan
            +---------+---------+-------+---------+---------+-------
            +---------+---------+-------+---------+---------+-------
